 Dungeon Crawl Stone Soup version 0.18.1-48-g4cf74bf (webtiles) character file.

107 Inkary the Skirmisher (level 4, -1/41 HPs)
             Began as a Hill Orc Fighter on July 21, 2016.
             Slain by Duvessa
             ... wielding a +0 rapier
              (8 damage)
             ... on level 4 of the Dungeon.
             The game lasted 00:04:15 (2209 turns).

Inkary the Skirmisher (Hill Orc Fighter)            Turns: 2209, Time: 00:04:16

Health: -1/41      AC:  9    Str: 24    XL:     4   Next: 85%
Magic:  4/4        EV:  9    Int:  8    God:
Gold:   257        SH:  3    Dex: 10    Spells: 0 memorised, 3 levels left

rFire  . . .     SeeInvis .     A - +0 glaive
rCold  . . .     Gourm    .     b - +0 scale mail
rNeg   . . .     Faith    .     (shield currently unavailable)
rPois  .         Spirit   .     (no helmet)
rElec  .         Dismiss  .     (no cloak)
rCorr  .         Reflect  +     (no gloves)
SustAt +         Harm     .     i - +1 pair of boots
MR     .....                    y - +3 amulet of reflection
Stlth  ..........               (no ring)
                                o - ring of sustain attributes

@: mighty, not resistant to hostile enchantments, extremely unstealthy
A: no striking features
a: no special abilities


You were on level 4 of the Dungeon.
You were hungry.

You visited 1 branch of the dungeon, and saw 4 of its levels.

You collected 257 gold pieces.

Inventory:

Hand Weapons
 A - a +0 glaive (weapon)
Armour
 b - a +0 scale mail (worn)
 c - a +0 shield
 i - a +1 pair of boots (worn)
Jewellery
 k - an uncursed amulet of rage
 o - a ring of sustain attributes (left hand)
 x - an uncursed amulet of faith
 y - a +3 amulet of reflection (around neck)
Scrolls
 e - a scroll of blinking {unknown}
 h - a scroll of fog {unknown}
 j - a scroll of amnesia {unknown}
 l - 2 scrolls of remove curse
 q - a scroll of magic mapping
 r - a scroll of noise {unknown}
 s - a scroll of enchant armour
 t - a scroll of teleportation
Potions
 a - a potion of mutation {unknown}
 d - a potion of might
 m - 2 potions of agility
 n - 4 potions of curing
 p - a potion of flight {unknown}
 u - a potion of degeneration {unknown}
 v - a potion of heal wounds {unknown}
 z - a potion of lignification {unknown}
Comestibles
 f - 2 bread rations
 g - a beef jerky


   Skills:
 + Level 4.3 Fighting
 + Level 3.5 Polearms
 + Level 3.8 Armour
 + Level 4.1 Shields


You had 3 spell levels left.
You didn't know any spells.

Dungeon Overview and Level Annotations

Branches:
Dungeon (4/15)
 Temple: D:4-7

Altars:
Cheibriados
Pakellas
Trog
Vehumet

Annotations:
D:4 Dowan, Duvessa


Message History

You completely miss Duvessa.
Duvessa says, "When magic and the sword combine, nothing stands against them."
Duvessa hits you with a rapier. Dowan hits you but does no damage.
The ogre closely misses you. Duvessa hits you but does no damage.
Dowan hits you but does no damage.
You slash Duvessa!
Duvessa is moderately wounded.
Dowan hits you but does no damage.
The ogre hits you with a giant spiked club!
* * * LOW HITPOINT WARNING * * *
Duvessa hits you but does no damage. You block Dowan's attack.
You are too injured to fight recklessly!
You are too injured to fight recklessly!
You are too injured to fight recklessly!
You are too injured to fight recklessly!
Dowan hits you but does no damage.
Drink which item? (? for menu, Esc to quit)
You feel very mighty all of a sudden. Duvessa hits you with a rapier!
You die...

.......###.# #.#.##..##
...........#######.#......#
?..........#......((###....
.......... #......(.# #....
.........#.#........# #....
.........#.#........# #....
....../.†..#........# #....
....)...O###..).....# #....
.........e@'........# ....
############........#
#.........# #...#######
#...# #...# #####


You could see Duvessa and an ogre.

Vanquished Creatures
  An adder (D:4)
  A gnoll (D:1)
  2 worms (D:3)
  4 dart slugs
  2 orcs
  5 bats
  7 giant cockroaches
  9 goblins
  8 hobgoblins
  7 jackals
  2 quokkas (D:2)
  A ball python (D:3)
  A giant newt (D:1)
  7 kobolds
  9 rats
66 creatures vanquished.

Notes
Turn   | Place    | Note
--------------------------------------------------------------
     0 | D:1      | Inkary the Hill Orc Fighter began the quest for the Orb.
     0 | D:1      | Reached XP level 1. HP: 19/19 MP: 1/1
    71 | D:1      | Reached XP level 2. HP: 14/27 MP: 2/2
   427 | D:1      | Reached XP level 3. HP: 33/33 MP: 3/3
   776 | D:2      | Found an oddly glowing altar of Pakellas.
  1041 | D:2      | Reached XP level 4. HP: 40/40 MP: 4/4
  1449 | D:3      | Found a snail-covered altar of Cheibriados.
  1516 | D:3      | Found a radiant altar of Vehumet.
  1620 | D:3      | Found a bloodstained altar of Trog.
  2197 | D:4      | Noticed Duvessa
  2199 | D:4      | Noticed Dowan
  2199 | D:4      | Noticed an ogre
  2209 | D:4      | Slain by Duvessa

Skill      XL: |  1  2  3 |
---------------+----------+-----
Polearms       | 3 |  3.5
Fighting       | 4 |  4.3
Shields        | 4 |  4.1
Armour         | |  3.8

Action                   |  1- 3 |  4- 6 || total
-------------------------+-------+-------++-------
Melee: Trident           |   134 |   100 ||   234
       Glaive            |       |    17 ||    17
  Use: Scroll            |       |     6 ||     6
       Potion            |       |     1 ||     1
  Eat: Chunk             |     1 |     3 ||     4
Armor: Scale mail        |    47 |    66 ||   113
Dodge: Dodged            |    23 |    40 ||    63
Block: Shield            |    44 |    46 ||    90
       Other             |       |     3 ||     3
